 Dungeon Crawl Stone Soup version 0.25-a0-294-gea9b1ad378 (webtiles) character file.

Game seed: 9858148414970062505, levelgen mode: deterministic

6015 Error4North the Protected (level 10, -4/83 HPs)
             Began as a Hill Orc Fighter on Dec 17, 2019.
             Was a Priest of Okawaru.
             Slain by a spiny frog (12 damage)
             ... on level 1 of the Lair of Beasts.
             The game lasted 01:15:40 (10452 turns).

Error4North the Protected (Hill Orc Fighter)       Turns: 10452, Time: 01:15:41

Health: -4/83      AC: 16    Str: 24 (25) XL:     10   Next: 86%
Magic:  16/16      EV:  3    Int: 13 (15) God:    Okawaru [***...]
Gold:   416        SH:  0    Dex: 13 (16) Spells: 17/17 levels left

rFire    + . .     SeeInvis .   a - +0 war axe
rCold    + . .     Gourm    .   c - +0 shield
rNeg     . . .     Faith    .   x - +0 plate armour
rPois    +         Spirit   .   (helmet restricted)
rElec    .         Reflect  +   o - scarf {rC+ rF+}
rCorr    .         Harm     .   (no gloves)
MR       .....     Clarity  +   G - +0 pair of boots of the Dolphin {*Corrode Int+5 Dex+4}
Stlth    ..........             g - +5 amulet of reflection
HPRegen  0.23/turn              t - ring of poison resistance
MPRegen  0.15/turn              H - +4 ring of strength

@: petrifying, studying Armour, very slow
A: horns 1, thin skeletal structure 1, clarity, evolution 1
a: Heroism, Renounce Religion


You were on level 1 of the Lair of Beasts.
You worshipped Okawaru.
Okawaru was most pleased with you.
You were not hungry.

You visited 3 branches of the dungeon, and saw 10 of its levels.

You collected 416 gold pieces.

Inventory:

Hand Weapons
 a - a +0 war axe (weapon)
 w - a cursed +0 spear
 M - a +0 hunting sling
 O - the cursed +2 flail of the Tired Coins {crush, +Rage Int+3, unknown}
   (You found it on level 1 of the Lair of Beasts)

   It inflicts extra damage upon your enemies.
   It affects your intelligence (+3).
   It lets you go berserk.
   It has a curse placed upon it.
Missiles
 y - 159 stones
 E - 97 sling bullets
 I - 4 javelins (quivered)
Armour
 c - a +0 shield (worn)
 o - a scarf of resistance (worn)
 x - a +0 plate armour (worn)
 A - a +2 helmet
 G - the +0 pair of boots of the Dolphin (worn) {*Corrode Int+5 Dex+4}
   (You found it on level 7 of the Dungeon)

   It affects your intelligence (+5).
   It affects your dexterity (+4).
   It may corrode you when you take damage.
Jewellery
 b - a +5 ring of evasion
 g - a +5 amulet of reflection (around neck)
 t - a ring of poison resistance (left hand)
 F - an uncursed amulet of regeneration
 H - a +4 ring of strength (right hand)
 L - a +5 ring of evasion
Wands
 l - a wand of random effects (20)
 J - a wand of paralysis (7)
 K - a wand of disintegration (10)
 N - a wand of scattershot (3)
Scrolls
 e - 6 scrolls of immolation {unknown}
 h - a scroll of blinking {unknown}
 k - 6 scrolls of remove curse {unknown}
 m - 2 scrolls of fear {unknown}
 p - 4 scrolls of amnesia {unknown}
 q - a scroll of brand weapon {unknown}
 r - 3 scrolls of teleportation {unknown}
 s - 3 scrolls of enchant armour {unknown}
 u - 3 scrolls of enchant weapon {unknown}
 B - 5 scrolls of magic mapping {unknown}
Potions
 i - 3 potions of brilliance
 j - a potion of agility {unknown}
 v - a potion of degeneration
 z - a potion of lignification {unknown}
 C - a potion of invisibility {unknown}
 D - a potion of cancellation {unknown}
 P - a potion of haste {unknown}
Books
 d - a manual of Armour
Comestibles
 f - 16 rations
 n - 20 chunks of flesh


   Skills:
 + Level 6.2 Fighting
 + Level 10.1 Axes
 * Level 1.9(2.3) Slings
 + Level 1.7(2.2) Throwing
 * Level 11.1 Armour
 + Level 0.8 Dodging
 + Level 0.2 Stealth
 * Level 9.9 Shields
 * Level 4.1 Spellcasting
 * Level 3.1 Invocations
 + Level 0.4 Evocations


You had 17 spell levels left.
You didn't know any spells.
Your spell library contained the following spells:

 Spells                   Type           Power        Failure   Level  Hunger
 Magic Dart               Conj           #...         99%         1    None
 Corpse Rot               Necr/Air       N/A          99%         2    ##.....
 Searing Ray              Conj           #.....       99%         2    ##.....
 Dazzling Flash           Conj/Hex       #.....       100%        3    ###....
 Stone Arrow              Conj/Erth      #.....       100%        3    ###....
 Fulminant Prism          Conj/Hex       #.........   100%        4    ####...
 Iskenderun's Mystic Bla  Conj/Tloc      #.......     100%        4    ####...
 Summon Forest            Summ/Tloc      #.........   100%        5    ######.
 Eringya's Noxious Bog    Tmut/Pois      #.........   100%        6    #######
 Hydra Form               Tmut           #.........   100%        6    #######
 Summon Hydra             Summ           #.........   100%        7    #######


Dungeon Overview and Level Annotations

Branches:
Dungeon (8/15)             Temple (1/1) D:7            Lair (1/6) D:8

Altars:
Ashenzari
Cheibriados
Dithmenos
Fedhas
Gozag
Hepliaklqana
Kikubaaqudgha
Makhleb
Nemelex Xobeh
Okawaru
Qazlal
Ru
Sif Muna
Trog
Uskayaw
Wu Jian
Xom
Yredelemnul
The Shining One

Annotations:
Lair:1 exclusion: oklob plant


Innate Abilities, Weirdness & Mutations

You have a pair of small horns on your head.
You have a somewhat thin skeletal structure. (Dex +2, Stealth)
You possess an exceptional clarity of mind.
You evolve.


Message History

The basilisk is lightly wounded.
You barely miss the spiny frog. You block the basilisk's attack.
The spiny frog stings you but does no damage.
The basilisk bites you!
You hit the basilisk but do no damage.
The basilisk is lightly wounded.
You slash the spiny frog! You block the spiny frog's attack.
The spiny frog stings you!
* * * LOW HITPOINT WARNING * * *
Unknown command.
It was a potion of degeneration.
There was something very wrong with that liquid.
You feel weakened.
You feel dopey.
You feel clumsy. The basilisk gazes at you.
You are slowing down.
The spiny frog stings you.
* * * LOW HITPOINT WARNING * * *
The basilisk bites you but does no damage.
The spiny frog stings you!!
You die...

.......# ....... ..#. .#.#####
....... ..#. .. .# ...⌠..#.
.#.⌠.⌠.#...# .. ..# ........
........#..###.#+#.. .⌠.>..+.
#...>...#..+......# #.....#
#.......#..#......#
.#.⌠.##..##.⌠.⌠..#..#......# #
##.### #..#....Fl..##......#.#
.#.... #........@..#.........#
##....# #.##...#..#........#.#
......###..#.###÷..........#
.......#........÷.#........#
..........#.....######.##.#..#
..........##...##.. ........#
.................... ........#
.............................#
.............................#


You could see a spiny frog and a basilisk.

Vanquished Creatures
  A spiny frog (Lair:1)
  Joseph (D:8)
  2 hornets
  4 dream sheep (Lair:1)
  A hippogriff (D:4)
  Sigmund (D:3)
  Grum (D:8)
  A hungry ghost (D:8)
  A soldier ant (D:8)
  3 porcupines (Lair:1)
  2 orc warriors
  2 ice beasts
  A necrophage (D:8)
  A phantom (D:6)
  4 wolves (D:8)
  2 centaurs
  3 crocodiles (Lair:1)
  4 bullfrogs
  A wyvern zombie (D:6)
  2 wyvern skeletons (D:8)
  4 scorpions
  4 wights (D:8)
  2 howler monkeys
  2 crimson imps
  A jelly (D:6)
  A bullfrog zombie (D:5)
  4 hounds
  A bullfrog skeleton (D:5)
  A gnoll shaman (D:8)
  8 orc wizards
  4 iguanas
  4 worker ants
  A hound zombie (D:5)
  A hound skeleton (D:4)
  2 worker ant zombies (D:8)
  Robin (D:4)
  5 gnolls (D:8)
  7 adders
  A shadow imp (D:5)
  2 oozes
  An adder skeleton (D:5)
  7 worms
  3 dart slugs
  7 leopard geckos
  22 orcs
  3 giant cockroaches
  17 goblins
  6 hobgoblins
  16 jackals
  4 kobolds
  3 quokkas
  5 bats
  4 frilled lizards
  A jackal skeleton (D:5)
  A quokka skeleton (D:4)
  8 rats
202 creatures vanquished.

Vanquished Creatures (others)
  A centaur (D:5)
  A jackal (D:8)
2 creatures vanquished.

Grand Total: 204 creatures vanquished

Notes
Turn   | Place    | Note
-------+----------+-------------------------------------------
     0 | D:1      | Error4North the Hill Orc Fighter began the quest for the
                  | Orb.
     0 | D:1      | Reached XP level 1. HP: 19/19 MP: 1/1
    98 | D:1      | Reached XP level 2. HP: 17/27 MP: 2/2
  1074 | D:2      | Found a stormy altar of Qazlal.
  1152 | D:2      | Reached XP level 3. HP: 19/33 MP: 3/3
  1529 | D:2      | Reached skill level 4 in Armour
  1553 | D:2      | Found a faded altar of an unknown god.
  1656 | D:2      | Reached XP level 4. HP: 39/40 MP: 4/4
  2177 | D:2      | Reached skill level 1 in Spellcasting
  2177 | D:2      | Reached XP level 5. HP: 12/46 MP: 4/6
  2448 | D:3      | Noticed Sigmund
  2999 | D:3      | Reached XP level 6. HP: 52/52 MP: 7/7
  3235 | D:4      | Reached skill level 5 in Axes
  3396 | D:4      | Noticed a hippogriff
  3427 | D:4      | Gained mutation: You have a somewhat thin skeletal
                  | structure. (Dex +2, Stealth) [potion of mutation]
  3427 | D:4      | Gained mutation: You evolve. [potion of mutation]
  3428 | D:4      | Killed a hippogriff
  3428 | D:4      | Reached skill level 5 in Armour
  3428 | D:4      | Reached skill level 5 in Shields
  3428 | D:4      | Reached XP level 7. HP: 6/59 MP: 7/9
  4034 | D:4      | Noticed Robin
  4047 | D:4      | Killed Robin
  4228 | D:4      | Found a shadowy altar of Dithmenos.
  4308 | D:5      | Entered Level 5 of the Dungeon
  4315 | D:5      | Found a hide-covered altar of Uskayaw.
  4402 | D:5      | Reached XP level 8. HP: 40/67 MP: 11/11
  4567 | D:5      | Found an ornate altar of the Wu Jian Council.
  4595 | D:5      | Reached skill level 6 in Armour
  4826 | D:5      | Reached skill level 1 in Throwing
  4847 | D:5      | Gained mutation: You possess an exceptional clarity of
                  | mind. [evolution]
  5243 | D:3      | Killed Sigmund
  5365 | D:6      | Found an ancient bone altar of Kikubaaqudgha.
  5677 | D:6      | Found an iron altar of Okawaru.
  5704 | D:6      | Noticed a hornet
  5720 | D:6      | Killed a hornet
  5720 | D:6      | Reached skill level 7 in Armour
  5720 | D:6      | Reached XP level 9. HP: 30/73 MP: 13/13
  5911 | D:6      | Became a worshipper of Warmaster Okawaru
  6006 | D:6      | Found an opulent altar of Gozag.
  6034 | D:6      | Reached skill level 5 in Fighting
  6712 | D:7      | Found a staircase to the Ecumenical Temple.
  6744 | Temple   | Entered the Ecumenical Temple
  6891 | D:7      | Got a pair of transparent boots
  6894 | D:7      | Identified the +0 pair of boots of the Dolphin {*Corrode
                  | Int+5 Dex+4} (You found it on level 7 of the Dungeon)
  7262 | D:7      | Found a shimmering altar of Xom.
  7366 | D:8      | Found a hazy altar of Hepliaklqana.
  7463 | D:8      | Found a blossoming altar of Fedhas.
  7862 | D:8      | Reached skill level 8 in Armour
  7917 | D:8      | Found a staircase to the Lair.
  8106 | D:8      | Noticed Joseph
  8137 | D:8      | Killed Joseph
  8137 | D:8      | Reached * piety under Okawaru
  8137 | D:8      | Reached skill level 9 in Armour
  8327 | D:8      | Noticed Grum
  8348 | D:8      | Killed Grum
  8348 | D:8      | Reached ** piety under Okawaru
  8348 | D:8      | Reached XP level 10. HP: 61/81 MP: 15/15
  8358 | D:8      | Reached skill level 10 in Armour
  8803 | D:8      | Found a burning altar of Makhleb.
  8908 | D:8      | Paralysed by a hornet for 3 turns
  8917 | D:8      | Reached *** piety under Okawaru
  8917 | D:8      | Reached skill level 1 in Slings
  9916 | Lair:1   | Entered Level 1 of the Lair of Beasts
  9970 | Lair:1   | Noticed a spiny frog
  9988 | Lair:1   | Killed a spiny frog
  9988 | Lair:1   | Reached skill level 1 in Invocations
 10006 | Lair:1   | Noticed an oklob plant
 10070 | Lair:1   | Gained mutation: You have a pair of small horns on your
                  | head. [evolution]
 10230 | Lair:1   | Got a translucent flail
 10400 | Lair:1   | Reached skill level 11 in Armour
 10411 | Lair:1   | Reached skill level 10 in Axes
 10436 | Lair:1   | Noticed a spiny frog
 10452 | Lair:1   | Slain by a spiny frog

Levels and vault maps discovered:
D:1:      dpeg_arrival_water_altar, layout_loops_corners
D:2:      minmay_diamond_boxcup, layout_basic, nicolae_qazlal_eye_of_the_storm,
          chequers_ecumenical_altar_simple_redux, minmay_quadrilaterals
D:3:      layout_basic, uniq_sigmund
D:4:      layout_cave_pools, grunt_dithmenos_smoke_and_mirrors, first_ration,
          minmay_manual_maat, uniq_robin
D:5:      layout_rooms, eat_drink_and_be_merry_uskayaw, old_standard_altar,
          minmay_door_square
D:6:      layout_loops_cross, okawaru_trees_1, kiku_gazebo_pond_becter,
          nicolae_overflow_crystal_walls, moated_statue, nrook_pool_corridor
D:7:      layout_basic, lemuel_round_altar,
          minmay_temple_entry_statues_fountains
D:8:      layout_layer_cave, lightli_temple_of_fire, fedhas_ov_isle_minmay,
          lair_entry_dummy, basic_altar, hangedman_pestilent_swarm, uniq_joseph,
          uniq_grum
Temple:   nicolae_temple_figure_zero
Lair:1:   minmay_lair_oklob_tunnel, layout_regular_city, grunt_megastairs_2

Skill      XL: |  1  2  3  4  5  6  7  8  9 10 |
---------------+-------------------------------+-----
Axes           | 3 4 5 6 7 9 10 | 10.1
Fighting       | 4 5 6 |  6.2
Armour         | 4 5 7 9 11 | 11.1
Shields        | 4 5 6 7 8 9 |  9.9
Spellcasting   | 1 2 3 4 |  4.1
Throwing       | 1 |  1.7
Slings         | 1 |  1.9
Invocations    | 3 |  3.1
Dodging        | |  0.8
Stealth        | |  0.2
Evocations     | |  0.4

Action                   |  1- 3 |  4- 6 |  7- 9 | 10-12 || total
-------------------------+-------+-------+-------+-------++-------
Melee: War axe           |   107 |   212 |   384 |   163 ||   866
       Headbutt          |       |       |       |     3 ||     3
 Fire: Hunting sling     |       |       |     3 |    26 ||    29
Throw: Javelin           |       |     2 |    42 |     4 ||    48
       Stone             |       |       |     3 |       ||     3
Invok: Heroism           |       |       |       |     1 ||     1
Evoke: Wand              |       |       |     4 |     1 ||     5
  Use: Potion            |       |     4 |     2 |     5 ||    11
       Scroll            |       |     1 |     3 |     1 ||     5
  Eat: Chunk             |     2 |     6 |     9 |     2 ||    19
       Ration            |       |       |     3 |     2 ||     5
Armor: Scale mail        |    53 |    11 |       |       ||    64
       Plate armour      |       |   134 |   204 |   194 ||   532
Dodge: Dodged            |    34 |    39 |    37 |    47 ||   157
Block: Shield            |    58 |   192 |   350 |   181 ||   781
       Reflection        |       |       |    16 |       ||    16

Table legend:
 A = Non-vault XP
 B = Vault XP
 C = Vault XP percentage of total XP
 D = Non-vault monster count
 E = Vault monster count
 F = Vault count percentage of total count
                 A         B        C        D         E       F
            +---------+---------+-------+---------+---------+-------
      Total |    6296 |    2297 |  26.7 |     165 |      39 |  19.1
            +---------+---------+-------+---------+---------+-------
        D:1 |      24 |       0 |   0.0 |      12 |       0 |   0.0
        D:2 |     165 |      39 |  19.1 |      19 |      12 |  38.7
        D:3 |     132 |     208 |  61.2 |      27 |       1 |   3.6
        D:4 |     341 |     379 |  52.6 |      21 |      15 |  41.7
        D:5 |     589 |       0 |   0.0 |      16 |       0 |   0.0
        D:6 |     766 |       0 |   0.0 |      14 |       0 |   0.0
        D:7 |     282 |       0 |   0.0 |       6 |       0 |   0.0
        D:8 |    1710 |    1570 |  47.9 |      38 |      10 |  20.8
     Lair:1 |    2287 |     101 |   4.2 |      12 |       1 |   7.7
            +---------+---------+-------+---------+---------+-------
